 Dungeon Crawl Stone Soup version 0.28-a0-48-gfd831c5874 (webtiles) character file.

Game seed: 11631149417557875958

11 flotson the Sneak (level 2, 0/24 HPs)
             Began as a Demonspawn Delver on July 30, 2021.
             Slain by a gnoll (6 damage)
             ... on level 4 of the Dungeon.
             The game lasted 00:01:04 (124 turns).

flotson the Sneak (Demonspawn Delver)                Turns: 124, Time: 00:01:05

Health: 0/24       AC:  3    Str: 12    XL:     2   Next: 13%
Magic:  2/2        EV: 14    Int: 11    God:
Gold:   12         SH:  0    Dex: 14    Spells: 1/1 levels left

rFire   . . .      SeeInvis .   a - +0 hand axe
rCold   . . .      Faith    .   (no shield)
rNeg    . . .      Spirit   .   b - +0 leather armour
rPois   .          Reflect  .   (no helmet)
rElec   .          Harm     .   (no cloak)
rCorr   .          Rampage  .   (no gloves)
Will    .....                   (no boots)
Stlth   ++........              (no amulet)
HPRegen 0.08/turn               (no ring)
MPRegen 0.08/turn               (no ring)

@: no status effects
A: repulsion field 1
a: no special abilities


You were on level 4 of the Dungeon.
You visited 1 branch of the dungeon, and saw 2 of its levels.

You collected 12 gold pieces.

Inventory:

Hand Weapons
 a - a +0 hand axe (weapon)
Armour
 b - a +0 leather armour (worn)
Wands
 d - a wand of iceblast (6)
 g - a wand of digging (3)


   Skills:
 + Level 3.1 Fighting
 + Level 2.0 Axes
 + Level 0.4 Armour
 + Level 2.0 Dodging
 - Level 4.5 Stealth
 + Level 0.5 Evocations


You had one spell level left.
You didn't know any spells.
Your spell library was empty.

Dungeon Overview and Level Annotations

Branches:
Dungeon (5/15)
 Temple: D:4-7

Altars:

Annotations:
D:5 Eustachio


Innate Abilities, Weirdness & Mutations

You are surrounded by a mild repulsion field. (EV +2)


Message History

As you read the scroll of fear, it crumbles to dust.
You assume a fearsome visage.
The gnoll looks frightened! x3
The quokka looks frightened!
You barely miss the quokka.
The gnoll seems to regain its courage.
You feel yourself speed up.
Cornered, the quokka turns to fight!
You hit the quokka.
You kill the quokka!
You hit the gnoll.
The gnoll is moderately wounded.
You hit the gnoll but do no damage.
The gnoll is moderately wounded.
The gnoll hits you with a +0 club.
You hit the gnoll.
The gnoll is severely wounded.
The gnoll hits you with a +0 club.
You hit the gnoll but do no damage.
The gnoll is severely wounded.
The gnoll hits you with a +0 club!
* * * LOW HITPOINT WARNING * * *
You hit the gnoll.
You kill the gnoll!
Your Axes skill increases to level 2!
Your Dodging skill increases to level 2!
You have reached level 2!
Your demonic ancestry asserts itself...
You begin to radiate repulsive energy.
Things that are here:
a +0 club; a gnoll corpse A gnoll is nearby!
Your extra speed is starting to run out.
Things that are here:
a +0 club; a gnoll corpse
As you read the scroll of fog, it crumbles to dust.
The scroll dissolves into smoke.
You aren't carrying any potions.
You feel yourself slow down.
Things that are here:
a +0 club; a gnoll corpse The gnoll hits you with a +0 spear.
You die...

#>.............g..
#.#######......#
#.# #.###### #.#
#g# #§# #.# #§#
#.# #§# #.#
#§#######g#
#§g§@g§...#
###########


You could see 2 gnolls.

Vanquished Creatures
  A gnoll (D:4)
  A quokka (D:4)
2 creatures vanquished.

Notes
Turn   | Place    | Note
-------+----------+-------------------------------------------
     0 | D:5      | flotson the Demonspawn Delver began the quest for the Orb.
     0 | D:5      | Reached XP level 1. HP: 18/18 MP: 1/1
    24 | D:5      | Noticed Eustachio
    57 | D:5      | Noticed a crimson imp
    57 | D:5      | Noticed a quasit
    86 | D:4      | Gained mutation: You are surrounded by a mild repulsion
                  | field. (EV +2) [demonic ancestry]
    86 | D:4      | Reached XP level 2. HP: 4/24 MP: 2/2
   124 | D:4      | Slain by a gnoll

Illustrated notes

Levels and vault maps discovered:
D:4:      layout_basic, uniq_pikel
D:5:      layout_rooms, lemuel_crystal_altar, uniq_eustachio, uniq_grinder

Skill      XL: |  1 |
---------------+----+-----
Axes           | 2 |  2.0
Dodging        | 2 |  2.0
Fighting       | |  3.1
Armour         | |  0.4
Stealth        | |  4.5
Evocations     | |  0.5

Action                   || total
-------------------------++-------
Melee: Hand axe          ||     7
  Use: Scroll            ||     3
       Potion            ||     1
Dodge: Dodged            ||     4

Table legend: (Time is in decaauts)
 A = Elapsed time spent in this place.
 B = Non-inter-level travel time spent in this place.
 C = Inter-level travel time spent in this place.
 D = Time resting spent in this place.
 E = Time spent auto-exploring this place.
 F = Levels seen in this place.
 G = Mean time per level.
                   A        B        C        D        E       F      G
               +--------+--------+--------+--------+--------+-----+--------+
         Total |    109 |    109 |      0 |      0 |     27 |   2 |   54.5 |
       Dungeon |    109 |    109 |      0 |      0 |     27 |   2 |   54.5 |
               +--------+--------+--------+--------+--------+-----+--------+

Top non-repeatable levels by time:
     D:5: 69 daAuts
     D:4: 40 daAuts
